 Dungeon Crawl Stone Soup version 0.18-b1-16-g289874d (webtiles) character file.

19178 otab the Carver (level 12, -11/111 (114) HPs)
             Began as a Naga Fighter on May 1, 2016.
             Was a Priest of Nemelex Xobeh.
             Mangled by a spiny frog (15 damage)
             ... on level 2 of the Lair of Beasts.
             The game lasted 00:27:49 (14817 turns).

otab the Carver (Naga Fighter)                     Turns: 14817, Time: 00:27:50

HP:   -11/111 (114) AC: 21    Str: 21    XL:     12   Next: 66%
MP:   17/17         EV: 12    Int: 10    God:    Nemelex Xobeh [***...]
Gold: 952           SH:  5    Dex: 10    Spells: 0 memorised, 11 levels left

rFire  . . .     SeeInvis +     v - +3 scimitar (flame)
rCold  + . .     Gourm    .     P - +3 troll leather armour
rNeg   + . .     Faith    .     i - +0 buckler
rPois  +         Spirit   .     p - +1 helmet
rElec  .         Dismiss  .     G - +2 cloak {+Inv}
rCorr  .         Reflect  .     a - +1 pair of gloves
SustAt .         Harm     .     (no barding)
MR     +....                    J - amulet of rage
Stlth  +.........               x - ring of positive energy
                                m - +1 ring of slaying

@: about to teleport, very slightly contaminated, very slow, somewhat resistant
to hostile enchantments, very unstealthy
A: rugged brown scales 1, thin metallic scales 1, see invisible, blink, clumsy
1, cold resistance 1, deformed body, poison resistance, screaming 1, slowness 2,
slow metabolism 1, spit poison 3, no device heal 1, AC +4
a: Breathe Poison Gas, Blink, Triple Draw, Renounce Religion, Evoke Berserk
Rage, Evoke Invisibility


You were on level 2 of the Lair of Beasts.
You worshipped Nemelex Xobeh.
Nemelex Xobeh was most pleased with you.
You were near starving.

You visited 3 branches of the dungeon, and saw 14 of its levels.

You collected 952 gold pieces.

Inventory:

Hand Weapons
 v - a +3 scimitar of flaming (weapon)
 B - a +0 scimitar of slicing
Armour
 a - a +1 pair of gloves (worn)
 i - a +0 buckler (worn)
 p - a +1 helmet (worn)
 G - a +2 cloak of invisibility (worn)
 P - a +3 troll leather armour (worn)
Jewellery
 m - a +1 ring of slaying (left hand)
 x - a ring of positive energy (right hand)
 J - an amulet of rage (around neck)
Wands
 c - a wand of flame (6/48)
 A - a wand of random effects (18/48)
 L - a wand of iceblast (0/15)
Scrolls
 g - a scroll of teleportation
 h - a scroll of amnesia
 u - 5 scrolls of remove curse
 y - 3 scrolls of noise
 C - a scroll of random uselessness
 F - 2 scrolls of identify
 K - a scroll of immolation
Potions
 e - a potion of mutation
 j - a potion of ambrosia {unknown}
 n - 2 potions of brilliance
 o - 2 potions of degeneration
 q - 8 potions of curing
 t - a potion of magic
 w - a potion of haste
 z - a potion of might
 I - 2 potions of resistance
Books
 D - a book of Frost

   Spells                             Type                      Level
   a - Freeze                         Ice                          1
   b - Throw Frost                    Conjuration/Ice              2
   c - Ozocubu's Armour               Charms/Ice                   3
   d - Throw Icicle                   Conjuration/Ice              4
   e - Summon Ice Beast               Ice/Summoning                4
 N - an Akashic Record

   Spells                             Type                      Level
   a - Dispersal                      Translocation                6
   b - Malign Gateway                 Summoning/Translocation      7
   c - Disjunction                    Translocation                8
   d - Controlled Blink               Translocation                8
Miscellaneous
 b - an ornate deck of war
 d - a plain deck of escape {drawn: 1}
 s - a plain deck of destruction {drawn: 7}
 H - an ornate deck of war
 M - a plain deck of defence
Comestibles
 f - 12 bread rations
 k - a beef jerky
 l - 10 royal jellies
 r - 6 meat rations
 E - 8 fruits


   Skills:
 + Level 8.2 Fighting
   Level 2.0(7.5) Short Blades
 * Level 11.2(11.3) Long Blades
 + Level 7.1 Armour
 + Level 6.6 Dodging
 + Level 7.0 Shields
 * Level 7.3 Evocations


You had 11 spell levels left.
You didn't know any spells.

Dungeon Overview and Level Annotations

Branches:
Dungeon (11/15)            Temple (1/1) D:7            Lair (2/8) D:11
    Orc (0/2) D:9

Altars:
Ashenzari
Cheibriados
Dithmenos
Elyvilon
Fedhas
Gozag
Kikubaaqudgha
Makhleb
Nemelex Xobeh
Okawaru
Pakellas
Qazlal
Ru
Sif Muna
Trog
Vehumet
Xom
Yredelemnul
Zin
The Shining One

Shops:
D:10 :


Innate Abilities, Weirdness & Mutations

You cannot wear boots.
Your serpentine skin is tough (AC +4).
You have supernaturally acute eyesight.
Armour fits poorly on your strangely shaped body.
Your system is resistant to poisons.
You cover ground very slowly.
You have a slow metabolism.
You can exhale a cloud of poison.
You are partially covered in rugged brown scales (AC +1, +3% HP).
You are partially covered in thin metallic scales (AC +2).
You can translocate small distances at will.
You are clumsy. (Dex -2)
Your flesh is cold resistant.
You occasionally shout uncontrollably at your foes.
Potions and wands are less effective at restoring your health.


Message History

Read which item? (? for menu, Esc to quit)
As you read the scroll of teleportation, it crumbles to dust.
You feel strangely unstable.
The komodo dragon bites you but does no damage.
Unknown command.
You block the komodo dragon's attack.
The iguana bites you but does no damage.
A crocodile comes into view.
Your surroundings suddenly seem different.
Read which item? (? for menu, Esc to quit)
As you read the scroll of teleportation, it crumbles to dust.
You feel strangely unstable.
You have got your breath back.
The spiny frog gives a loud, deep croak!
The spiny frog stings you!!
* * * LOW HITPOINT WARNING * * *
You block the spiny frog's attack. The spiny frog stings you!
You die...
Your body glows slightly and disappears.

#.........### #P.........#
#..#.......##
#l.##.l.....#
####.ยง###......######
####.##.## ##.l.>...#..#
.##....F##.#.#.......###..
...........##.............
.........F.(#...@F........
...........##P...#.....#.#
.....................?#.#
.................#....#
..#.......t.............
####.###P........##.#....
###### ###.#......####....
<#.# #.....##.# #... ..##
..t..# ##


You could see a komodo dragon, a spiny frog, a crocodile and an iguana.

Vanquished Creatures
  Erica (D:8)
  The ghost of braks the Experimenter, a journeyman OpFi of Pakellas (D:11)
  Urug (Lair:1)
  4 hill giants (D:10)
  2 ugly things (D:11)
  Maurice (D:8)
  Psyche (D:8)
  A black mamba (Lair:1)
  A gargoyle (D:10)
  A spiny frog (Lair:1)
  4 kobold demonologists
  2 komodo dragons (Lair:1)
  The ghost of otab the Skirmisher, an amateur NaFi of Cheibriados (D:3)
  2 trolls
  2 two-headed ogres (D:8)
  3 hippogriffs
  Grum (D:8)
  A soldier ant (D:8)
  Menkaure (D:6)
  2 hell hounds (D:11)
  5 water moccasins
  An orc warrior (D:9)
  A phantom (D:7)
  2 wasps (D:8)
  2 sky beasts
  2 black bears
  A necrophage (D:11)
  9 ogres
  5 wolves
  14 centaurs
  4 crocodiles
  4 big kobolds
  8 giant frogs
  A wyvern zombie (D:11)
  A gnoll sergeant (D:7)
  4 scorpions
  A wyvern skeleton (D:9)
  4 killer bees (D:10)
  6 wights
  6 howler monkeys
  A centaur zombie (D:5)
  10 crimson imps
  3 orc priests
  7 hounds
  A giant frog zombie (D:10)
  3 jellies
  A gnoll shaman (D:4)
  2 centaur skeletons
  A giant frog skeleton (D:7)
  3 orc wizards
  Ijyb (D:2)
  Terence (D:2)
  3 iguanas
  6 worker ants
  2 killer bee zombies
  7 sheep (Lair:1)
  A worker ant zombie (D:7)
  15 gnolls
  17 adders
  A howler monkey skeleton (D:8)
  8 river rats (Lair:1)
  4 shadow imps
  2 oozes
  An adder zombie (D:8)
  3 worms
  2 dart slugs
  6 giant geckos
  32 orcs
  A ball python (D:4)
  7 giant cockroaches
  6 goblins
  13 hobgoblins
  16 jackals
  9 kobolds
  9 quokkas
  9 bats
  A giant gecko skeleton (D:4)
  A giant gecko zombie (D:7)
  3 giant newts
  9 rats
  A fungus (D:3)
343 creatures vanquished.

Vanquished Creatures (collateral kills)
  Maud (D:10)
  A death drake (D:11)
2 creatures vanquished.

Vanquished Creatures (others)
  A sky beast (D:6)
1 creature vanquished.

Grand Total: 346 creatures vanquished

Notes
Turn   | Place    | Note
--------------------------------------------------------------
     0 | D:1      | otab the Naga Fighter began the quest for the Orb.
     0 | D:1      | Reached XP level 1. HP: 21/21 MP: 1/1
   193 | D:1      | Reached XP level 2. HP: 16/28 MP: 2/2
   621 | D:1      | Reached XP level 3. HP: 20/34 MP: 3/3
  1037 | D:2      | Noticed Ijyb
  1046 | D:2      | Killed Ijyb
  1046 | D:2      | Reached XP level 4. HP: 35/42 MP: 4/4
  1104 | D:2      | Noticed Terence
  1111 | D:2      | Killed Terence
  1111 | D:2      | Reached skill level 3 in Long Blades
  1742 | D:2      | Found a sacrificial altar of Ru.
  1742 | D:2      | Found an ancient bone altar of Kikubaaqudgha.
  1812 | D:2      | Reached skill level 1 in Dodging
  1815 | D:2      | Reached XP level 5. HP: 45/49 MP: 5/5
  2077 | D:3      | Noticed otab's ghost (amateur NaFi)
  2349 | D:3      | Killed otab's ghost
  2349 | D:3      | Reached skill level 4 in Long Blades
  2349 | D:3      | Reached XP level 6. HP: 24/57 MP: 6/6
  3042 | D:3      | Reached XP level 7. HP: 54/64 MP: 7/7
  4927 | D:5      | Entered Level 5 of the Dungeon
  4939 | D:5      | Reached skill level 5 in Long Blades
  4992 | D:5      | Reached XP level 8. HP: 73/73 MP: 8/8
  6073 | D:6      | Reached skill level 5 in Fighting
  6073 | D:6      | Reached skill level 1 in Short Blades
  6073 | D:6      | Reached skill level 1 in Evocations
  6257 | D:6      | Reached XP level 9. HP: 54/81 MP: 8/10
  6290 | D:6      | Gained mutation: You are dopey. (Int -2) [mutagenic meat]
  6291 | D:6      | Gained mutation: You are clumsy. (Dex -2) [mutagenic meat]
  6292 | D:6      | Gained mutation: Your muscles are strong. (Str +2) [mutagenic meat]
  6294 | D:6      | Gained mutation: You have a pair of small horns on your head. [mutagenic meat]
  6295 | D:6      | Gained mutation: Potions and wands are less effective at restoring your health. [mutagenic meat]
  6342 | D:6      | Noticed Menkaure
  6344 | D:6      | Gained mutation: You are partially covered in thin metallic scales (AC +2). [potion of mutation]
  6344 | D:6      | Gained mutation: Your body sometimes deteriorates upon taking damage. [potion of mutation]
  6345 | D:6      | Gained mutation: Your muscles are very strong. (Str +4) [potion of mutation]
  6347 | D:6      | Lost mutation: You have a pair of small horns on your head. [potion of cure mutation]
  6347 | D:6      | Lost mutation: Your muscles are very strong. (Str +4) [potion of cure mutation]
  6349 | D:6      | Gained mutation: You can exhale a cloud of poison. [potion of beneficial mutation]
  6360 | D:6      | Killed Menkaure
  6360 | D:6      | Reached skill level 5 in Armour
  7052 | D:7      | Reached skill level 6 in Long Blades
  7261 | D:7      | Reached skill level 5 in Shields
  7284 | D:7      | Found a staircase to the Ecumenical Temple.
  7296 | Temple   | Entered the Ecumenical Temple
  7304 | Temple   | Became a worshipper of Nemelex Xobeh the Trickster
  7357 | D:7      | Received a gift from Nemelex Xobeh
  7723 | D:8      | Noticed Grum
  7737 | D:8      | Reached XP level 10. HP: 84/91 MP: 12/12
  7740 | D:8      | Reached skill level 7 in Long Blades
  7746 | D:8      | Killed Grum
  7819 | D:8      | Noticed Erica
  7838 | D:8      | Killed Erica
  8236 | D:8      | Noticed Maurice
  8244 | D:8      | Killed Maurice
  8274 | D:8      | Reached skill level 8 in Long Blades
  8404 | D:8      | Reached * piety under Nemelex Xobeh
  8451 | D:8      | Noticed Psyche
  8464 | D:8      | Killed Psyche
  8532 | D:8      | Reached skill level 5 in Evocations
  9027 | D:9      | Found a staircase to the Orcish Mines.
  9154 | D:9      | Noticed a kobold demonologist
  9161 | D:9      | Killed a kobold demonologist
  9161 | D:9      | Reached XP level 11. HP: 94/99 MP: 14/14
  9187 | D:9      | Reached skill level 5 in Dodging
  9274 | D:9      | Received a gift from Nemelex Xobeh
  9731 | D:10     | Entered Level 10 of the Dungeon
  9747 | D:10     | Reached ** piety under Nemelex Xobeh
  9748 | D:10     | Noticed a hill giant
  9757 | D:10     | Reached skill level 9 in Long Blades
  9765 | D:10     | Killed a hill giant
 10232 | D:10     | Noticed a hill giant
 10239 | D:10     | Killed a hill giant
 10248 | D:10     | Found Eggude's Book Boutique.
 10620 | D:10     | Received a gift from Nemelex Xobeh
 10673 | D:10     | Gained mutation: You occasionally shout uncontrollably at your foes. [mutagenic meat]
 10686 | D:10     | Noticed a hill giant
 10699 | D:10     | Killed a hill giant
 11117 | D:10     | Noticed Maud
 11128 | D:10     | Killed Maud
 11818 | D:10     | Noticed a hill giant
 11829 | D:10     | Killed a hill giant
 11965 | D:11     | Noticed braks's ghost (journeyman OpFi)
 11976 | D:11     | Killed braks's ghost
 11976 | D:11     | Reached skill level 10 in Long Blades
 12075 | D:11     | Noticed Fannar
 12080 | D:11     | Noticed Fannar
 12080 | D:11     | Fannar changed into Fannar the death drake
 12084 | D:11     | Killed Fannar the death drake
 12084 | D:11     | Reached XP level 12. HP: 83/106 MP: 16/16
 12426 | D:11     | Found a staircase to the Lair.
 12634 | D:11     | Lost mutation: Your body sometimes deteriorates upon taking damage. [mutagenic meat]
 12635 | D:11     | Lost mutation: Your muscles are strong. (Str +2) [mutagenic meat]
 12636 | D:11     | Lost mutation: You are dopey. (Int -2) [mutagenic meat]
 12928 | D:11     | Noticed a soul eater
 13144 | D:11     | Gained mutation: Your flesh is cold resistant. [mutagenic meat]
 13145 | D:11     | Gained mutation: You are frail (-10% HP). [mutagenic meat]
 13146 | D:11     | Lost mutation: You are frail (-10% HP). [mutagenic meat]
 13147 | D:11     | Gained mutation: You can translocate small distances at will. [mutagenic meat]
 13148 | D:11     | Gained mutation: You are partially covered in rugged brown scales (AC +1, +3% HP). [mutagenic meat]
 13189 | D:11     | Received a gift from Nemelex Xobeh
 13399 | D:11     | Reached *** piety under Nemelex Xobeh
 13775 | Lair:1   | Entered Level 1 of the Lair of Beasts
 14116 | Lair:1   | Noticed Urug
 14123 | Lair:1   | Killed Urug
 14123 | Lair:1   | Reached skill level 11 in Long Blades
 14263 | Lair:1   | Received a gift from Nemelex Xobeh
 14815 | Lair:2   | HP: 3/111 [spiny frog (21)]
 14817 | Lair:2   | Mangled by a spiny frog

Skill      XL: |  1  2  3  4  5  6  7  8  9 10 11 12 |
---------------+-------------------------------------+-----
Long Blades    | 3 4 5 6 8 10 11 | 11.2
Dodging        | 1 2 3 4 5 6 |  6.6
Armour         | 3 4 5 6 7 |  7.1
Shields        | 3 4 5 6 7 |  7.0
Fighting       | 4 5 6 7 8 |  8.2
Short Blades   | 1 2 |  2.0
Evocations     | 1 3 5 6 7 |  7.3

Action                   |  1- 3 |  4- 6 |  7- 9 | 10-12 || total
-------------------------+-------+-------+-------+-------++-------
Melee: Long sword        |    82 |   156 |       |       ||   238
       Dagger            |       |    24 |   455 |       ||   479
       Scimitar          |       |       |    79 |   588 ||   667
 Abil: Spit Poison       |     1 |     2 |     6 |       ||     9
       Breathe Poison Ga |       |       |     6 |    29 ||    35
Evoke: Wand              |       |       |     2 |     2 ||     4
       Deck              |       |       |       |    13 ||    13
  Use: Potion            |       |     1 |     9 |     6 ||    16
       Scroll            |       |       |    14 |    14 ||    28
  Eat: Chunk             |       |     5 |    19 |    18 ||    42
       Beef jerky        |       |       |     1 |     1 ||     2
       Pizza             |       |       |       |     4 ||     4
       Royal jelly       |       |       |       |     1 ||     1
       Meat ration       |       |       |       |     1 ||     1
Armor: Scale mail        |    33 |    96 |   189 |   190 ||   508
       Skin              |       |       |    27 |     4 ||    31
       Troll leather arm |       |       |       |    79 ||    79
Dodge: Dodged            |    13 |    44 |   129 |   242 ||   428
Block: Shield            |    38 |    93 |   241 |   120 ||   492
       Buckler           |       |       |       |    91 ||    91
